 Dungeon Crawl Stone Soup version 0.19.5 (webtiles) character file.

1648 spiff the Conjurer (level 8, -4/52 HPs)
             Began as a Mummy Wizard on Apr 5, 2017.
             Slain by a hornet zombie (10 damage)
             ... on level 5 of the Dungeon.
             The game lasted 00:25:40 (8719 turns).

spiff the Conjurer (Mummy Wizard)                   Turns: 8719, Time: 00:25:41

Health: -4/52      AC:  5    Str: 10    XL:     8   Next: 67%
Magic:  0/14       EV: 10    Int: 20    God:
Gold:   223        SH:  0    Dex: 10    Spells: 4 memorised, 6 levels left

rFire  x . .     SeeInvis .     q - +4 dagger (venom)
rCold  + . .     Gourm    .     a - +0 robe
rNeg   + + +     Faith    .     (no shield)
rPois  ∞         Spirit   .     h - +0 helmet
rElec  .         Reflect  .     (no cloak)
rCorr  .         Harm     .     d - +1 pair of gloves
MR     +....                    (no boots)
Stlth  ++........               (no amulet)
                                (no ring)
                                i - -3 ring of evasion (curse)

@: about to teleport
A: no food or potions, fire vulnerability, cold resistance 1, negative energy
resistance 3, torment resistance, unbreathing
a: no special abilities


You were on level 5 of the Dungeon.
You were not hungry.

You visited 2 branches of the dungeon, and saw 6 of its levels.

You collected 223 gold pieces.

Inventory:

Hand Weapons
 q - a +4 dagger of venom (weapon)
Missiles
 o - 6 poisoned tomahawks (quivered)
 r - a throwing net
Armour
 a - a +0 robe (worn)
 b - a +0 hat
 d - a +1 pair of gloves (worn)
 h - a +0 helmet (worn)
Jewellery
 e - an uncursed amulet of rage {unknown}
 g - an uncursed amulet of harm {unknown}
 i - a cursed -3 ring of evasion (left hand)
Scrolls
 f - a scroll of teleportation
 j - 7 scrolls of identify
 k - a scroll of immolation {unknown}
 l - 3 scrolls of fear
 m - a scroll of blinking {unknown}
 n - a scroll of remove curse {unknown}
 p - a scroll of amnesia {unknown}
Books
 c - a book of Minor Magic

   Spells                             Type                      Level
   a - Magic Dart                     Conjuration                  1
   b - Blink                          Translocation                2
   c - Call Imp                       Summoning                    2
   d - Repel Missiles                 Charms/Air                   2
   e - Slow                           Hexes                        2
   f - Conjure Flame                  Conjuration/Fire             3
   g - Mephitic Cloud                 Conjuration/Poison/Air       3


   Skills:
 - Level 0.2 Fighting
 - Level 4.1 Dodging
 - Level 1.7 Stealth
 - Level 0.2 Unarmed Combat
 - Level 4.0 Spellcasting
 + Level 7.9 Conjurations
   Level 0.7 Summonings
 - Level 0.7 Translocations


You had 6 spell levels left.
You knew the following spells:

 Your Spells              Type           Power        Failure   Level  Hunger
a - Magic Dart            Conj           ####         1%          1    N/A
b - Mephitic Cloud        Conj/Pois/Air  ##......     14%         3    N/A
c - Conjure Flame         Conj/Fire      ###.....     10%         3    N/A
d - Blink                 Tloc           N/A          17%         2    N/A

Dungeon Overview and Level Annotations

Branches:
Dungeon (5/15)             Temple (1/1) D:4

Altars:
Cheibriados
Elyvilon
Fedhas
Kikubaaqudgha
Qazlal
Sif Muna
Trog
Uskayaw
Zin
The Shining One


Innate Abilities, Weirdness & Mutations

You do not eat or drink.
Your flesh is vulnerable to fire.
You are immune to poison.
Your flesh is cold resistant. (rC+)
You are immune to negative energy. (rN+++)
You are immune to unholy pain and torment.
You can survive without breathing.


Message History

The hornet zombie barely misses you. x2
Casting: Magic Dart
Confirm with . or Enter, or press ? or * to list all spells.
Aiming: Magic Dart
Press: ? - help, Shift-Dir - straight line, f/p - hornet zombie
Aim: a hornet zombie (severely damaged)
The magic dart hits the hornet zombie.
The hornet zombie is severely damaged.
The hornet zombie hits you.
* * * LOW HITPOINT WARNING * * *
Sorry, you're not good enough to have a special ability.
Unknown command.
Casting: Magic Dart
Confirm with . or Enter, or press ? or * to list all spells.
You blink.
You can't drink.
Unknown command.
As you read the scroll of teleportation, it crumbles to dust.
You feel strangely unstable. The hornet zombie hits you!
You die...

###############
#..............
##
#.#############
#. #.# #. #.#
#. #.# #. #.#
#.###.#####.#
#.@Z..§.....#
#####.#######
#.......#
#########


You could see a hornet zombie.

Vanquished Creatures
  Pikel (D:3)
  A phantom (D:3)
  4 slaves (D:3)
  2 sky beasts (D:5)
  3 ogres
  A jelly (D:5)
  A crimson imp (D:5)
  4 hounds (D:4)
  An orc wizard (D:3)
  5 orc priests
  A bullfrog skeleton (D:4)
  A centaur skeleton (D:4)
  An iguana (D:4)
  2 worker ants
  2 gnolls (D:3)
  A howler monkey skeleton (D:5)
  10 adders
  2 oozes
  4 worms
  3 dart slugs
  4 leopard geckos
  7 orcs
  2 ball pythons
  3 giant cockroaches
  9 goblins
  7 hobgoblins
  4 jackals
  7 quokkas
  7 bats
  2 frilled lizards
  5 kobolds
  A leopard gecko zombie (D:5)
  A quokka zombie (D:5)
  9 rats
118 creatures vanquished.

Vanquished Creatures (others)
  A kobold (D:2)
1 creature vanquished.

Grand Total: 119 creatures vanquished

Notes
Turn   | Place    | Note
-------+----------+-------------------------------------------
     0 | D:1      | spiff the Mummy Wizard began the quest for the Orb.
     0 | D:1      | Reached XP level 1. HP: 13/13 MP: 4/4
   272 | D:1      | Reached XP level 2. HP: 19/19 MP: 3/6
  1082 | D:1      | Reached skill level 1 in Conjurations
  1287 | D:1      | Reached XP level 3. HP: 24/24 MP: 2/8
  1512 | D:2      | Found a stormy altar of Qazlal.
  1785 | D:2      | Found a faded altar of an unknown god.
  2305 | D:2      | Learned a level 3 spell: Mephitic Cloud
  2309 | D:2      | Learned a level 3 spell: Conjure Flame
  2312 | D:2      | Learned a level 2 spell: Blink
  2342 | D:2      | Reached XP level 4. HP: 30/30 MP: 5/10
  2880 | D:3      | Noticed a phantom
  2907 | D:3      | Reached skill level 2 in Conjurations
  2907 | D:3      | Reached XP level 5. HP: 16/35 MP: 6/11
  4461 | D:3      | Noticed a phantom
  5204 | D:4      | Found a staircase to the Ecumenical Temple.
  5204 | D:4      | Noticed an ogre
  5228 | D:4      | Reached skill level 3 in Conjurations
  5228 | D:4      | Reached XP level 6. HP: 38/41 MP: 3/12
  5388 | Temple   | Entered the Ecumenical Temple
  5830 | D:4      | Noticed Pikel
  5830 | D:4      | Noticed a slave
  5853 | D:4      | Noticed a slave
  5853 | D:4      | Noticed a slave
  5853 | D:4      | Noticed a slave
  5865 | D:3      | Killed a slave
  5968 | D:3      | Reached XP level 7. HP: 20/46 MP: 0/13
  6395 | D:3      | Killed Pikel
  6395 | D:3      | Reached skill level 5 in Conjurations
  6628 | D:4      | Reached skill level 6 in Conjurations
  6703 | D:4      | Found a blossoming altar of Fedhas.
  6743 | D:4      | Reached XP level 8. HP: 38/52 MP: 10/14
  7512 | D:5      | Entered Level 5 of the Dungeon
  7841 | D:5      | Reached skill level 7 in Conjurations
  8719 | D:5      | Slain by a hornet zombie

Skill      XL: |  1  2  3  4  5  6  7  8 |
---------------+-------------------------+-----
Conjurations   | 1 2 3 6 7 |  7.9
Spellcasting   | 4 |  4.0
Dodging        | 2 3 4 |  4.1
Fighting       | |  0.2
Stealth        | |  1.7
Unarmed Combat | |  0.2
Summonings     | |  0.7
Translocations | |  0.7

Action                   |  1- 3 |  4- 6 |  7- 9 || total
-------------------------+-------+-------+-------++-------
Melee: Unarmed           |     5 |       |       ||     5
       Dagger            |    15 |    97 |    78 ||   190
       Punch             |       |     1 |       ||     1
 Cast: Magic Dart        |   107 |   121 |    94 ||   322
       Mephitic Cloud    |       |    17 |    13 ||    30
       Blink             |       |     4 |     1 ||     5
  Use: Scroll            |     2 |       |     1 ||     3
 Stab: Sleeping          |     1 |       |       ||     1
       Confused          |       |     9 |     9 ||    18
Armor: Robe              |    20 |    34 |    19 ||    73
Dodge: Dodged            |    22 |    50 |    24 ||    96
